 Dungeon Crawl Stone Soup version 0.28.0-53-g5a82cb258f (webtiles) character file.

Game seed: 10437130558673651897

9 gobodom the Stinger (level 2, 0/19 HPs)
             Began as a Demonspawn Venom Mage on June 8, 2022.
             Slain by a gnoll
             ... wielding a +0 whip
              (5 damage)
             ... on level 1 of the Dungeon.
             The game lasted 00:01:38 (279 turns).

gobodom the Stinger (Demonspawn Venom Mage)          Turns: 279, Time: 00:01:40

Health: 0/19       AC:  2    Str:  8    XL:     2   Next: 6%
Magic:  4/5        EV: 12    Int: 16    God:
Gold:   0          SH:  0    Dex: 13    Spells: 4/5 levels left

rFire   . . .      SeeInvis .   b - +0 dagger
rCold   . . .      Faith    .   (no shield)
rNeg    . . .      Spirit   .   a - +0 robe
rPois   .          Reflect  .   (helmet restricted)
rElec   .          Harm     .   (no cloak)
rCorr   .          Rampage  .   (no gloves)
Will    .....                   (no boots)
Stlth   ++........              (no amulet)
HPRegen 0.06/turn               (no ring)
MPRegen 0.09/turn               (no ring)

@: no status effects
A: horns 1
a: no special abilities


You were on level 1 of the Dungeon.
You visited 1 branch of the dungeon, and saw 1 of its levels.

Inventory:

Hand Weapons
 b - a +0 dagger (weapon)
Missiles
 c - 6 boomerangs (quivered)
Armour
 a - a +0 robe (worn)


   Skills:
 + Level 1.7 Dodging
 + Level 1.8 Stealth
 + Level 2.1 Spellcasting
 + Level 0.8 Transmutations
 + Level 3.4 Poison Magic


You had 4 spell levels left.
You knew the following spells:

 Your Spells              Type           Power      Damage    Failure   Level
a - Sting                 Tmut/Pois      32%        1d4       9%          1

Your spell library contained the following spells:

 Spells                   Type           Power      Damage    Failure   Level
 Poisonous Vapours        Pois/Air       14%        N/A       16%         2
 Mephitic Cloud           Conj/Pois/Air  5%         N/A       36%         3
 Olgreb's Toxic Radiance  Pois           12%        N/A       45%         4


Dungeon Overview and Level Annotations

Branches:
Dungeon (1/15)

Altars:


Innate Abilities, Weirdness & Mutations

You have a pair of small horns on your head.


Message History

Aiming: Sting (safe; 9% risk of failure)
Press: ? - help, Shift-Dir - straight line, f - rat
Aim: a rat (68% to hit)
The sting hits the rat.
The rat is poisoned.
You kill the rat!
You have reached level 2!
Your demonic ancestry asserts itself...
A pair of horns grows on your head!
Unknown command.
Casting: Sting (safe; 9% risk of failure)
Confirm with . or Enter, or press ? or * to list all spells.
You don't have enough magic to cast this spell.
Casting: Sting (safe; 9% risk of failure)
Confirm with . or Enter, or press ? or * to list all spells.
You don't have enough magic to cast this spell.
The ball python misses you. The ball python grabs you.
The ball python constricts you.
You hit the ball python.
The ball python is severely wounded.
The ball python bites you but does no damage.
The ball python constricts you.
You hit the ball python.
You kill the ball python!
You see here a rat corpse.
A gnoll comes into view. It is wielding a +0 whip.
The gnoll shouts!
You hear a bark!
You barely miss the gnoll. The gnoll hits you with a +0 whip.
You hit the gnoll.
The gnoll is moderately wounded.
The gnoll hits you with a +0 whip!
* * * LOW HITPOINT WARNING * * *
Casting: Sting (safe; 9% risk of failure)
Confirm with . or Enter, or press ? or * to list all spells.
Aiming: Sting (safe; 9% risk of failure)
Press: ? - help, Shift-Dir - straight line, f - gnoll
Aim: a gnoll, wielding a +0 whip (moderately wounded, 72% to hit)
The sting hits the gnoll.
The gnoll is poisoned.
The gnoll is moderately wounded.
The gnoll hits you with a +0 whip.
You die...

####.....#.#######....##
#.....#.# ........##
.######†#...#.######...##
................ +...+.
.###..#.#.##.... #...##
......#.#.##..## ....#
#.##..........# .....#
........#.###.. ......#
.....#..@..# #.##.#..g.##
. . # #..#.# # #.....
##.#.## #.#.# ##### ..#+#
#.... .. .. #... ...#
#..#######


You could see a gnoll (poisoned).

Vanquished Creatures
  A dart slug (D:1)
  2 ball pythons (D:1)
  An endoplasm (D:1)
  A goblin (D:1)
  2 rats (D:1)
7 creatures vanquished.

Notes
Turn   | Place    | Note
-------+----------+-------------------------------------------
     0 | D:1      | gobodom the Demonspawn Venom Mage began the quest for the
                  | Orb.
     0 | D:1      | Reached XP level 1. HP: 13/13 MP: 3/3
   217 | D:1      | Gained mutation: You have a pair of small horns on your
                  | head. [demonic ancestry]
   217 | D:1      | Reached XP level 2. HP: 19/19 MP: 0/5
   279 | D:1      | Slain by a gnoll

Illustrated notes

Levels and vault maps discovered:
D:1:      lemuel_arrival_room, layout_basic, chequers_ecumenical_altar_island

Action                   || total
-------------------------++-------
Melee: Unarmed           ||     6
       Dagger            ||     9
       Punch             ||     1
 Cast: Sting             ||     8
Armor: Robe              ||     1
Dodge: Dodged            ||     6
